 Dungeon Crawl Stone Soup version 0.30-a0-632-g346586fe48 (webtiles) character file.

Game seed: 3921255949084234811

61 Leeroy the Slasher (level 4, -2/26 HPs)
             Began as a Tengu Warper on Jan 13, 2023.
             Slain by Natasha (9 damage)
             ... on level 2 of the Dungeon.
             The game lasted 00:01:43 (825 turns).

Leeroy the Slasher (Tengu Warper)                    Turns: 825, Time: 00:01:43

Health: -2/26      AC:  3    Str: 11    XL:     4   Next: 7%
Magic:  8/8        EV: 12    Int: 13    God:
Gold:   113        SH:  0    Dex: 16    Spells: 7/7 levels left

rFire   . . .      SeeInvis .    a - +0 falchion
rCold   . . .      Faith    .    (no shield)
rNeg    . . .      Spirit   .    b - +0 leather armour
rPois   .          Reflect  .    (helmet restricted)
rElec   .          Harm     .    (no cloak)
rCorr   .          Rampage  .    (no gloves)
Will    .....                    (boots unavailable)
Stlth   +                        (no amulet)
HPRegen 0.24/turn                (no ring)
MPRegen 0.11/turn                (no ring)

@: no status effects
A: beak, talons 3
a: no special abilities


You were on level 2 of the Dungeon.
You visited 1 branch of the dungeon, and saw 2 of its levels.

You collected 113 gold pieces.

Inventory:

Hand Weapons
 a - a +0 falchion (weapon)
Missiles
 d - 7 boomerangs of dispersal (quivered)
Armour
 b - a +0 leather armour (worn)
Scrolls
 c - a scroll of blinking
 e - 2 scrolls of identify {unknown}
 g - a scroll of butterflies {unknown}
 h - a scroll of brand weapon {unknown}
 j - a scroll of immolation {unknown}
Potions
 f - 2 potions of heal wounds {unknown}
 i - a potion of degeneration {unknown}


   Skills:
 - Level 2.0 Fighting
 + Level 4.6 Long Blades
 - Level 1.0 Throwing
 - Level 1.1 Armour
 - Level 2.1 Dodging
 - Level 2.0 Spellcasting
 - Level 2.4 Translocations


You had 7 spell levels left.
You didn't know any spells.
Your spell library contained the following spells:

 Spells                   Type           Power      Damage    Failure   Level
 Blink                    Tloc           14%        N/A       19%         2
 Lesser Beckoning         Tloc           14%        N/A       36%         3
 Teleport Other           Tloc           7%         N/A       36%         3
 Vhi's Electric Charge    Tloc/Air       8%         N/A       52%         3
 Manifold Assault         Tloc           7%         N/A       77%         4


Dungeon Overview and Level Annotations

Branches:
Dungeon (2/15)

Altars:

Annotations:
D:2 Natasha


Innate Abilities, Weirdness & Mutations

You have a beak for a mouth.
You have claws for feet.


Message History

You now have 113 gold pieces (gained 9).
The shadow imp shouts, "Quit, thou dankish magpie-eyed frater!"
There are no items here.
There is a stone staircase leading up here.
You climb upwards.
There is a stone staircase leading down here.
You start resting.
HP restored.
You climb downwards.
Level annotation: Natasha Natasha casts a spell at you.
You feel yourself slow down.
The shadow imp disappears for a moment.
There is a stone staircase leading up here.
Natasha stares at you and mumbles some strange words.
You resist with some effort.
You climb upwards.
There is a stone staircase leading down here.
You start waiting.
You feel yourself speed up.
You start waiting.
Done waiting.
You climb downwards.
Level annotation: Natasha
There is a stone staircase leading up here.
You don't know any spells.
Okay, then.
Natasha claws you.
You hit Natasha.
Natasha is moderately wounded.
Natasha claws you! Natasha closely misses you.
You hit Natasha but do no damage. You claw Natasha. You peck Natasha.
Natasha is heavily wounded.
Natasha casts a spell at you. The magic dart hits you.
* * * LOW HITPOINT WARNING * * *
You miss Natasha. You claw Natasha.
Natasha is almost dead.
Natasha claws you!
You die...

#.. ##.## ... # #)#
####. #. #)# .....
#. #.# .....
#####.###.###..####
...........<......>
#.#....)...@...####
#...†....h....#
#...#............
#...#..######.###
#...#.....5.....
#..........h.....
#.#.###.##.##.###
#.#. #.. # . #.##


You could see Natasha.

Vanquished Creatures
  2 dart slugs (D:1)
  3 ball pythons
  6 endoplasms (D:1)
  3 giant cockroaches (D:1)
  5 goblins
  A hobgoblin (D:1)
  17 jackals (D:1)
  2 quokkas (D:1)
  4 frilled lizards (D:1)
  A kobold (D:2)
  4 rats (D:1)
48 creatures vanquished.

Notes
Turn   | Place    | Note
-------+----------+-------------------------------------------
     0 | D:1      | Leeroy the Tengu Warper began the quest for the Orb.
     0 | D:1      | Reached XP level 1. HP: 12/12 MP: 4/4
    20 | D:1      | Reached XP level 2. HP: 5/17 MP: 6/6
   117 | D:1      | Reached skill level 3 in Long Blades
   272 | D:1      | Reached XP level 3. HP: 21/21 MP: 7/7
   298 | D:1      | Found a faded altar of an unknown god.
   307 | D:1      | Reached skill level 4 in Long Blades
   601 | D:1      | Reached XP level 4. HP: 26/26 MP: 8/8
   673 | D:2      | Noticed Natasha
   825 | D:2      | Slain by Natasha

Illustrated notes

Levels and vault maps discovered:
D:1:      dpeg_arrival_windows_large_door, layout_rooms,
          hellmonk_ecumenical_altar_leap_of_faith
D:2:      layout_loops_ring, basic_altar, uniq_natasha, uniq_sigmund

Skill      XL: |  1  2  3 |
---------------+----------+-----
Long Blades    | 3 4 |  4.6
Fighting       | |  2.0
Throwing       | |  1.0
Armour         | |  1.1
Dodging        | |  2.1
Spellcasting   | |  2.0
Translocations | |  2.4

Action                   |  1- 3 |  4- 6 || total
-------------------------+-------+-------++-------
Melee: Falchion          |    73 |    13 ||    86
       Kick              |    23 |     3 ||    26
       Peck              |    12 |     3 ||    15
Armor: Leather armour    |    22 |     3 ||    25
Dodge: Dodged            |    57 |     5 ||    62

Table legend: (Time is in decaauts)
 A = Elapsed time spent in this place.
 B = Non-inter-level travel time spent in this place.
 C = Inter-level travel time spent in this place.
 D = Time resting spent in this place.
 E = Time spent auto-exploring this place.
 F = Levels seen in this place.
 G = Mean time per level.
                   A        B        C        D        E       F      G
               +--------+--------+--------+--------+--------+-----+--------+
         Total |    845 |    828 |     17 |    145 |    496 |   2 |  422.5 |
       Dungeon |    845 |    828 |     17 |    145 |    496 |   2 |  422.5 |
               +--------+--------+--------+--------+--------+-----+--------+

Top non-repeatable levels by time:
     D:1: 804 daAuts
     D:2: 40 daAuts
